 Dungeon Crawl Stone Soup version 0.29.1-12-g30fa7ad0bf (webtiles) character file.

Game seed: 8800514884846260715

371 DildoBatman the Conjurer (level 7, -4/52 HPs)
             Began as a Formicid Conjurer on Dec 11, 2022.
             Was a Follower of Kikubaaqudgha.
             Slain by an ogre
             ... wielding a +0 giant club
              (27 damage)
             ... on level 4 of the Dungeon.
             The game lasted 00:09:14 (3618 turns).

DildoBatman the Conjurer (Formicid Conjurer)        Turns: 3618, Time: 00:09:15

Health: -4/52      AC:  3    Str: 12    XL:     7   Next: 2%
Magic:  6/13       EV: 12    Int: 19    God:    Kikubaaqudgha [*.....]
Gold:   112        SH:  0    Dex: 15    Spells: 6/14 levels left

rFire   . . .      SeeInvis +   a - +7 flail "Godit" {protect, +Blink Dex+3}
rCold   . . .      Faith    .   (no shield)
rNeg    . . .      Spirit   .   u - +0 robe
rPois   .          Reflect  .   (helmet unavailable)
rElec   .          Harm     .   (no cloak)
rCorr   .          Rampage  .   (no gloves)
Will    .....                   e - +0 pair of boots
Stlth   ++........              (no amulet)
HPRegen 0.17/turn               (no ring)
MPRegen 0.13/turn               (no ring)

@: no status effects
A: permanent stasis, dig shafts and tunnels, antennae 3, four strong arms
a: Dig, Shaft Self, Renounce Religion, Unearth Wretches


You were on level 4 of the Dungeon.
You worshipped Kikubaaqudgha.
Kikubaaqudgha was aware of your devotion.
You visited 2 branches of the dungeon, and saw 6 of its levels.

You collected 207 gold pieces.
You spent 95 gold pieces at shops.

Inventory:

Hand Weapons
 a - the +7 flail "Godit" (weapon) {protect, +Blink Dex+3}
   (You found it on level 3 of the Dungeon)

   It grants its wielder temporary protection when it strikes (+7 to AC).
   Dex:       It affects your dexterity (+3).
   +Blink:    It lets you blink.
 b - a +0 shortbow
Missiles
 j - 27 stones
Armour
 e - a +0 pair of boots (worn)
 u - a +0 robe (worn)
Scrolls
 c - a scroll of fear {unknown}
 i - a scroll of noise {unknown}
 k - a scroll of torment {unknown}
 n - a scroll of enchant armour {unknown}
 r - a scroll of vulnerability {unknown}
 t - a scroll of amnesia {unknown}
 z - a scroll of identify
 C - a scroll of magic mapping
Potions
 d - a potion of magic
 f - 2 potions of heal wounds
 g - 4 potions of curing
 h - a potion of berserk rage {unknown}
 l - a potion of invisibility {unknown}
 m - a potion of degeneration {unknown}
 o - a potion of mutation {unknown}
 p - a potion of resistance {unknown}
 q - a potion of might {unknown}
 s - a potion of haste {unknown}
 v - 2 potions of lignification {unknown}


   Skills:
 - Level 3.0 Fighting
 - Level 3.0 Armour
 - Level 2.0 Dodging
 - Level 2.4 Stealth
 * Level 4.0 Spellcasting
 * Level 4.9 Conjurations
 * Level 0.3 Necromancy


You had 6 spell levels left.
You knew the following spells:

 Your Spells              Type           Power      Damage    Failure   Level
a - Searing Ray           Conj           44%        2d6       2%          2
c - Magic Dart            Conj           88%        1d7       1%          1
d - Vampiric Draining     Necr           5%         2d6       36%         3
z - Sublimation of Blood  Necr           5%         N/A       19%         2

Your spell library contained the following spells:

 Spells                   Type           Power      Damage    Failure   Level
 Necrotise                Necr           20%        1d5       12%         1
 Beastly Appendage        Tmut           6%         N/A       14%         1
 Dazzling Flash           Conj/Hex       26%        N/A       16%         3
 Wereblood                Tmut           3%         N/A       21%         2
 Gell's Gravitas          Tloc           3%         N/A       38%         3
 Lesser Beckoning         Tloc           3%         N/A       38%         3
 Spider Form              Tmut/Pois      3%         N/A       38%         3
 Teleport Other           Tloc           3%         N/A       38%         3
 Fulminant Prism          Conj/Hex       6%         3d7       45%         4
 Iskenderun's Mystic Bla  Conj/Tloc      13%        2d5       45%         4
 Anguish                  Hex/Necr       2%         N/A       77%         4
 Airstrike                Air            1%         2d(1-17)  80%         4
 Summon Lightning Spire   Summ/Air       3%         N/A       80%         4
 Lightning Bolt           Conj/Air       6%         1d18      80%         5


Dungeon Overview and Level Annotations

Branches:
Dungeon (5/15)             Temple (1/1) D:5

Altars:
Fedhas
Kikubaaqudgha
Makhleb
Ru
Sif Muna
Vehumet
Xom
Zin
The Shining One

Shops:
D:2 [*=?=


Innate Abilities, Weirdness & Mutations

You cannot be hasted, slowed, berserked, paralysed or teleported.
You can dig through walls and to a lower floor.
You have a pair of large antennae on your head. (SInv)
Your four strong arms can wield two-handed weapons with a shield.


Message History

You sock the adder!
You kill the adder!
Kikubaaqudgha accepts your kill.
You have reached level 7!
The +7 flail "Godit" {protect, +Blink Dex+3} goes still.
b - a +0 shortbow (weapon)
You sense a monster nearby.
An ogre comes into view. It is wielding a +0 giant club.
The ogre shouts!
You feel agile.
The +7 flail "Godit" {protect, +Blink Dex+3} hums with potential!
a - the +7 flail "Godit" (weapon)
{protect, +Blink Dex+3}
Casting: Searing Ray (safe; 2% risk of failure)
Confirm with . or Enter, or press ? or * to list all spells.
Aiming: Searing Ray (safe; 2% risk of failure)
Press: ? - help, Shift-Dir - straight line, f - ogre
Aim: an ogre, wielding a +0 giant club (89% to hit)
The searing ray hits the ogre.
The ogre is lightly wounded. (Press . to maintain the ray.)
The searing ray hits the ogre.
The ogre is heavily wounded.
The ogre hits you with a +0 giant club!!
The searing ray misses the ogre.
The ogre barely misses you.
The searing ray hits the ogre.
The ogre is heavily wounded.
You finish channelling your searing ray.
Casting: Searing Ray (safe; 2% risk of failure)
Confirm with . or Enter, or press ? or * to list all spells.
Aiming: Searing Ray (safe; 2% risk of failure)
Press: ? - help, Shift-Dir - straight line, f/p - ogre
Aim: an ogre, wielding a +0 giant club (heavily wounded, 89% to hit)
The searing ray hits the ogre.
The ogre is severely wounded. (Press . to maintain the ray.)
The ogre hits you with a +0 giant club!!
Ouch! That really hurt!
You die...
Kikubaaqudgha rasps: "You have failed me!
Welcome... death!"

### #### #.# ## ### #.. ####.###
##.# #.# #.# #.....>## ##.# ##.
##.## ####....#####..# ##
####...######.###..#....# #
##....#........####......## ##
#....####......O@.####......## #.
.....###......###...###......###.
...........#### #####.........#..
..........## ##........... .
........## ##.#.......#
.........# #####.....#
........### ###..## ...)....#.##
##..# ...........# ##..


You could see an ogre.

Vanquished Creatures
  A scorpion (D:4)
  A howler monkey (D:5)
  A hound (D:4)
  A jelly (D:5)
  An orc priest (D:4)
  An iguana (D:4)
  6 adders
  A gnoll (D:5)
  An ufetubus (D:4)
  A worm (D:4)
  3 dart slugs
  11 orcs
  9 endoplasms
  4 giant cockroaches
  4 goblins
  3 hobgoblins
  3 quokkas
  7 ball pythons
  3 bats
  A frilled lizard (D:2)
  2 kobolds (D:1)
  4 rats (D:1)
69 creatures vanquished.

Vanquished Creatures (others)
  4 fungi (D:3)
  A plant (D:3)
5 creatures vanquished.

Grand Total: 74 creatures vanquished

Notes
Turn   | Place    | Note
-------+----------+-------------------------------------------
     0 | D:1      | DildoBatman the Formicid Conjurer began the quest for the
                  | Orb.
     0 | D:1      | Reached XP level 1. HP: 13/13 MP: 3/3
   205 | D:1      | Reached XP level 2. HP: 20/20 MP: 0/5
   208 | D:1      | Learned a level 2 spell: Searing Ray
   570 | D:1      | Reached skill level 1 in Fighting
   570 | D:1      | Reached skill level 1 in Armour
   570 | D:1      | Reached XP level 3. HP: 25/26 MP: 2/6
  1032 | D:2      | Found a faded altar of an unknown god.
  1048 | D:2      | Found Iwaphiaph's Jewellery Boutique.
  1073 | D:2      | Found Meahum's Antique Armour Shoppe.
  1116 | D:2      | Found Givo's Assorted Antiques.
  1436 | D:2      | Found Comicyobb's Jewellery Emporium.
  1438 | D:2      | Found Kolloust's Magic Scroll Emporium.
  1446 | D:2      | Bought a scroll of magic mapping for 75 gold pieces
  1446 | D:2      | Bought a scroll of identify for 20 gold pieces
  1767 | D:3      | Found a blossoming altar of Fedhas.
  1800 | D:3      | Found a shimmering blue altar of Sif Muna.
  1851 | D:3      | Found a shimmering altar of Xom.
  1917 | D:3      | Identified the +7 flail "Godit" {protect, +Blink Dex+3}
  1999 | D:3      | You fall into a shaft and drop 2 floors!
  1999 | D:5      | Entered Level 5 of the Dungeon
  2027 | D:5      | Reached XP level 4. HP: 32/33 MP: 3/8
  2076 | D:5      | Found a staircase to the Ecumenical Temple.
  2093 | Temple   | Entered the Ecumenical Temple
  2251 | Temple   | Became a worshipper of Kikubaaqudgha
  2270 | D:5      | Reached XP level 5. HP: 29/38 MP: 0/9
  3179 | D:4      | Reached XP level 6. HP: 46/46 MP: 2/11
  3510 | D:4      | Reached * piety under Kikubaaqudgha
  3510 | D:4      | Received a gift from Kikubaaqudgha
  3543 | D:4      | Learned a level 2 spell: Sublimation of Blood
  3547 | D:4      | Learned a level 3 spell: Vampiric Draining
  3576 | D:4      | Reached XP level 7. HP: 41/52 MP: 10/13
  3618 | D:4      | Slain by an ogre

Illustrated notes

Levels and vault maps discovered:
D:1:      evilmike_arrival_hilbert_curve, layout_basic, kennysheep_boxes
D:2:      layout_basic, serial_shops, nicolae_lakefront_shop, shop, shop,
          nicolae_shop_waterfront, shop, serial_bayou, serial_bayou_shore_a,
          serial_bayou_crossing, serial_bayou_pond_c, serial_bayou_lagoon_a,
          ebering_ecumenical_altar_mist, minivault_24,
          kennysheep_cluttered_room, chequers_serial_rivers_micro_d,
          minmay_surrounded
D:3:      layout_basic, lemuel_coloured_pillars_altar, xom_teletrap_fun,
          fedhas_altar_3, hex_medium, minmay_misc_feat_secret_circle
D:4:      layout_layer_cave, overflow_temple_1_default, grunt_ministairs_9
D:5:      layout_basic, minmay_temple_entry_trees
Temple:   hellmonk_temple_flake

Skill      XL: |  1  2  3  4  5  6 |
---------------+-------------------+-----
Dodging        | 2 |  2.0
Fighting       | 1 2 3 |  3.0
Armour         | 1 2 3 |  3.0
Conjurations   | 4 |  4.9
Spellcasting   | 3 4 |  4.0
Stealth        | |  2.4
Necromancy     | |  0.3

Action                   |  1- 3 |  4- 6 |  7- 9 || total
-------------------------+-------+-------+-------++-------
Melee: Unarmed           |     6 |       |       ||     6
       Flail             |       |    14 |       ||    14
 Fire: Shortbow          |    43 |    74 |       ||   117
 Cast: Magic Dart        |    32 |    12 |       ||    44
       Searing Ray       |     2 |    13 |     2 ||    17
 Abil: Dig               |     1 |       |       ||     1
  Use: Scroll            |     4 |       |       ||     4
Armor: Robe              |     8 |    10 |       ||    18
Dodge: Dodged            |    27 |    38 |     1 ||    66
